 Dungeon Crawl Stone Soup version 0.31-a0-986-g5e6e4ef867 (webtiles) character file.

Game seed: 2026466467218505318

65907 Twinkles the Thrower (level 15, -1/117 HPs)
             Began as a Gnoll Wanderer on Nov 19, 2023.
             Was a High Priest of Hepliaklqana.
             Slain by a vault guard simulacrum (34 damage)
             ... animated by a necromancer
             ... on level 13 of the Dungeon on Nov 24, 2023.
             The game lasted 02:19:15 (30532 turns).

Twinkles the Thrower (Gnoll Wanderer)              Turns: 30532, Time: 02:19:16

Health: -1/117     AC: 19    Str: 14      XL:     15   Next: 18%
Magic:  3/29       EV: 17    Int: 10 (11) God:    Hepliaklqana [*****.]
Gold:   1062       SH:  0    Dex: 17      Spells: 11/34 levels left

rFire   . . .        b - +2 halberd (drain)
rCold   . . .        (shield currently unavailable)
rNeg    . . .        v - +0 acid dragon scales
rPois   +            l - +2 hat
rElec   .            U - +2 cloak {rPois}
rCorr   +            w - +0 pair of gloves
SInv    .            (no boots)
Will    +....        g - amulet of faith
Stlth   ++++         o - +4 ring of protection
HPRegen 0.39/turn    e - ring of wizardry
MPRegen 0.21/turn

%: faith, wizardry (x1)
@: studying Fighting
A: reduced essence, fangs 1, strong nose, distributed training, antennae 1,
deterioration 1, robust 1
a: Renounce Religion, Recall Ancestor, Ancestor Identity, Transference, Idealise


You were on level 13 of the Dungeon.
You worshipped Hepliaklqana.
Hepliaklqana was extremely pleased with you.
You visited 3 branches of the dungeon, and saw 19 of its levels.
You also visited: Sewer and Bailey.

You collected 1062 gold pieces.

Inventory:

Hand Weapons
 a - a +2 dagger of venom
 b - a +2 halberd of draining (weapon)
 E - a +2 demon whip of electrocution
Missiles
 c - 64 poisoned darts (quivered)
 k - 4 atropa-tipped darts
 q - 11 javelins
 L - 6 curare-tipped darts
 S - 2 throwing nets
Armour
 l - a +2 hat (worn)
 v - +0 acid dragon scales (worn)
 w - a +0 pair of gloves (worn)
 U - a +2 cloak of poison resistance (worn)
Jewellery
 e - a ring of wizardry (right hand)
 g - an amulet of faith (around neck)
 m - a ring of flight
 n - a ring of protection from cold
 o - a +4 ring of protection (left hand)
 p - a ring of protection from fire
 z - a +6 ring of dexterity
 C - a ring of willpower
 W - a +4 ring of protection
Wands
 d - a wand of digging (11)
 h - a wand of acid (4)
 i - a wand of roots (25)
 j - a wand of polymorph (9)
 y - a wand of mindburst (5)
Scrolls
 f - a scroll of enchant armour {unknown}
 s - a scroll of summoning {unknown}
 t - 5 scrolls of revelation {unknown}
 u - 3 scrolls of amnesia {unknown}
 B - a scroll of acquirement {unknown}
 D - 3 scrolls of blinking
 F - a scroll of fog
 K - 2 scrolls of torment {unknown}
 O - a scroll of silence
 V - 3 scrolls of vulnerability
 X - a scroll of brand weapon {unknown}
 Y - 2 scrolls of teleportation
 Z - 7 scrolls of identify
Potions
 r - a potion of cancellation {unknown}
 x - 2 potions of brilliance {unknown}
 A - 9 potions of attraction
 G - 2 potions of ambrosia
 H - 3 potions of haste
 I - 3 potions of invisibility
 J - a potion of curing
 M - 3 potions of might
 N - 6 potions of heal wounds
 P - 4 potions of lignification
 Q - 7 potions of magic
 R - 4 potions of resistance
 T - 3 potions of berserk rage


   Skills:
 + Level 10.5 Fighting
 + Level 11.9 Short Blades
 + Level 10.1 Long Blades
 + Level 10.1 Axes
 + Level 10.1 Maces & Flails
 + Level 10.1 Polearms
 + Level 10.1 Staves
 + Level 10.1 Ranged Weapons
 + Level 11.9 Throwing
 + Level 10.4 Armour
 + Level 10.4 Dodging
 + Level 10.1 Stealth
 + Level 10.1 Shields
 + Level 10.1 Unarmed Combat
 + Level 10.1 Spellcasting
 + Level 8.4 Conjurations
 + Level 8.4 Hexes
 + Level 8.4 Summonings
 + Level 8.4 Necromancy
 + Level 8.4 Translocations
 + Level 8.4 Transmutations
 + Level 8.4 Fire Magic
 + Level 8.4 Ice Magic
 + Level 8.4 Air Magic
 + Level 8.4 Earth Magic
 + Level 8.4 Poison Magic
 + Level 10.9 Invocations
 + Level 11.0 Evocations
 + Level 9.2 Shapeshifting


You had 11 spell levels left.
You knew the following spells:

 Your Spells              Type           Power      Damage    Failure   Level
a - Passwall              Tmut/Erth      17%        N/A       1%          2
b - Ignite Poison         Fire/Tmut/Pois 21%        N/A       1%          3
c - Ozocubu's Armour      Ice            21%        N/A       1%          3
d - Call Canine Familiar  Summ           21%        N/A       1%          3
e - Summon Guardian Gole  Hex/Summ       21%        N/A       1%          3
f - Summon Ice Beast      Ice/Summ       21%        N/A       2%          4
g - Freezing Cloud        Conj/Ice/Air   10%        6-21      6%          5

Your spell library contained the following spells:

 Spells                   Type           Power      Damage    Failure   Level
 Summon Small Mammal      Summ           84%        N/A       1%          1
 Cigotuvi's Dreadful Rot  Necr/Pois/Air  42%        N/A       1%          2
 Ensorcelled Hibernation  Hex/Ice        42%        N/A       1%          2
 Sublimation of Blood     Necr           21%        N/A       1%          2
 Wereblood                Tmut           21%        N/A       1%          2
 Hailstorm                Conj/Ice       21%        3d6       1%          3
 Inner Flame              Hex/Fire       21%        N/A       1%          3
 Stone Arrow              Conj/Erth      42%        3d9       1%          3
 Swiftness                Air            21%        N/A       1%          3
 Animate Armour           Summ/Erth      42%        N/A       2%          4
 Irradiate                Conj/Tmut      10%        3d15      6%          5
 Summon Mana Viper        Hex/Summ       21%        N/A       6%          5
 Yara's Violent Unravell  Hex/Tmut       10%        3d6       6%          5
 Simulacrum               Ice/Necr       10%        N/A       32%         6
 Enfeeble                 Hex            10%        N/A       86%         7
 Malign Gateway           Summ/Tloc      10%        N/A       86%         7
 Monstrous Menagerie      Summ           10%        N/A       86%         7
 Ozocubu's Refrigeration  Ice            10%        4d9       86%         7
 Summon Hydra             Summ           10%        N/A       86%         7
 Lehudib's Crystal Spear  Conj/Erth      10%        10d4      100%        8
 Summon Horrible Things   Summ           10%        N/A       100%        8


Dungeon Overview and Level Annotations

Branches:
Dungeon (13/15) Zot: 26082  Temple (1/1) D:7 Zot: 5732    Lair (5/5) D:9 Zot: 18657
 Shoals (0/4) Lair:2        Snake (0/4) Lair:2        Slime (0/5) Lair:5
    Orc (0/2) D:12         Vaults (0/5) D:13          Sewer (visited)
 Bailey (visited)

Altars:
Ashenzari
Cheibriados
Dithmenos
Elyvilon
Fedhas
Gozag
Hepliaklqana
Kikubaaqudgha
Makhleb
Nemelex Xobeh
Okawaru
Qazlal
Ru
Sif Muna
Trog
Uskayaw
Vehumet
Wu Jian
Xom
Yredelemnul
Zin
The Shining One
Jiyva

Shops:
D:7 :

Annotations:
D:2 1 runed translucent door, Crazy Yiuf
Lair:2 Urug


Innate Abilities, Weirdness & Mutations

Your life essence is reduced to manifest your ancestor. (-10% HP)
You have very sharp teeth.
Your uncanny sense of smell can sniff out nearby items.
Your experience applies equally to all skills.
You have a pair of small antennae on your head.
Your body sometimes deteriorates upon taking damage.
You are robust. (+10% HP)


Message History

The vault guard hits you with a +2 broad axe!
The vault guard hits Amyrtaeus but does no damage.
The necromancer is engulfed in freezing vapours.
The human is engulfed in freezing vapours.
A vault guard simulacrum comes into view.
You slash the vault guard!
You kill the vault guard!
A freezing mist starts to gather...
A vault guard simulacrum comes into view.
Amyrtaeus closely misses the human.
Amyrtaeus barely misses the necromancer.
The necromancer is engulfed in freezing vapours.
The necromancer gestures at you while chanting.
The bolt of negative energy hits you!
You feel drained.
Your body deteriorates!
You feel dopey.
The human is engulfed in freezing vapours.
You kill the human!
A freezing mist starts to gather...
Your life force feels restored.
A human simulacrum comes into view.
The necromancer is engulfed in freezing vapours.
Reach: b) +2 halberd (drain)
Press: ? - help, Dir - move target, f - necromancer
Aim: a necromancer, wielding a +0 dagger and wearing a +0 robe (almost dead, ally target, about 42% to evade your +2 halberd of draining)
You reach to attack!
You hit the necromancer but do no damage.
You drain the necromancer.
The necromancer is almost dead.
Amyrtaeus hits the necromancer with a +0 broad axe of flaming!!
Amyrtaeus burns the necromancer.
The necromancer dies!
The vault guard simulacrum hits you.
The vault guard simulacrum freezes you!!
* * * LOW HITPOINT WARNING * * *
Your magical contamination has completely faded away.
The vault guard simulacrum attacks as it pursues you!
The vault guard simulacrum hits you.
* * * LOW HITPOINT WARNING * * *
The vault guard simulacrum freezes you!!
You die...

#.# #.#####<.##>##.##
#...# ∆...
#.........########...#
...
#....................#
#.#############..#.###
#.#=....#..).$#..#.#
#.#.....')†).)#..#.#
###.#..⌠.)R○○⌠†.#..#.#
....#..Z.)'Z☼†).#..#.#
#.#.#..@..#°Z...#..#.#
#.#.##'')###'p'##..#.#
#.#.#..†..# ....#....#
#...'..)..# ...#.####
##..'..⌠..# ∩..#.#
#..'†...)#∆ #.#
##.#....(#∆∆ ∆∆#.#
#####.#############.#
#...................#


You could see the friendly Amyrtaeus the knight (idealised) and 2 vault guard
simulacra.

Vanquished Creatures
  A fire dragon (Lair:5)
  2 hydras (Lair:5)
  A vault guard (D:13)
  4 two-headed ogres
  A catoblepas (Lair:1)
  A boulder beetle (Lair:1)
  Nergalle (Lair:1)
  Amaemon (D:8)
  3 deep elf pyromancers
  An orc knight (Bailey)
  An arcanist (D:13)
  2 ugly things
  4 cyclopes
  4 elephants
  A molten gargoyle (Lair:5)
  7 black mambas
  An orange demon (D:8)
  4 cane toads
  An unseen horror (D:13)
  6 rime drakes
  Maggie (Lair:1)
  3 kobold demonologists
  15 komodo dragons
  2 polar bears (Lair:5)
  5 trolls
  3 dream sheep
  27 blink frogs
  3 spriggans (Lair:4)
  39 yaks
  3 slime creatures (D:13)
  3 wraiths
  A water elemental (D:12)
  Eustachio (D:4)
  6 basilisks
  A neqoxec (D:11)
  2 steam dragons
  8 humans (D:13)
  2 nagas (Lair:2)
  3 hell hounds (Lair:5)
  Duvessa (D:7)
  An acid dragon (D:13)
  11 water moccasins
  2 black bears
  4 orc warriors
  A sky beast (D:7)
  2 ice beasts
  3 centaurs
  4 wolves
  2 kobold brigands
  A phantom (Temple)
  15 bullfrogs
  A gnoll sergeant (D:11)
  3 scorpions
  7 wights
  11 killer bees
  Dowan (D:7)
  2 electric eels (D:12)
  A howler monkey (D:10)
  5 lava snakes (Lair:5)
  4 jellies
  A quasit (D:11)
  3 hounds
  3 orc priests
  A gnoll bouda (D:7)
  2 sleepcaps
  5 iguanas
  12 orc wizards
  Ijyb (D:4)
  Robin (D:2)
  18 gnolls
  2 river rats (Sewer)
  12 adders
  A white imp (D:8)
  A worm (D:3)
  3 dart slugs
  44 orcs
  6 endoplasms
  2 giant cockroaches
  15 goblins
  11 hobgoblins
  2 jackals (D:2)
  3 quokkas
  15 ball pythons
  8 bats
  12 frilled lizards
  40 kobolds
  27 rats
508 creatures vanquished.

Vanquished Creatures (collateral kills)
  A vault guard (D:13)
  The ghost of Midpoint the Black Sun, a journeyman HONe of Kikubaaqudgha (D:11)
  3 hydras (Lair:5)
  A two-headed ogre (D:10)
  An arcanist (D:13)
  2 necromancers (D:13)
  An ugly thing (D:12)
  2 elephants (Lair:5)
  3 black mambas (Lair:5)
  A molten gargoyle (Lair:5)
  A torpor snail (Lair:5)
  A gargoyle (D:11)
  6 komodo dragons
  3 cane toads
  3 rime drakes
  A yaktaur (D:13)
  3 trolls
  A polar bear (Lair:3)
  7 blink frogs
  A dream sheep (Lair:5)
  A vampire (D:11)
  A shadow (D:10)
  10 yaks
  3 basilisks (Lair:5)
  6 humans (D:13)
  A neqoxec (D:11)
  A hell hound (Lair:5)
  8 water moccasins
  2 black bears
  3 kobold brigands
  4 bullfrogs
  A quasit (D:11)
  6 iguanas (D:12)
  3 gnolls
  3 orcs (D:9)
  5 frilled lizards (D:12)
  A kobold (D:9)
102 creatures vanquished.

Vanquished Creatures (others)
  A blink frog (Lair:4)
  A water moccasin (Lair:5)
  5 knights
  6 ancestors
  2 orc wizards
  An iguana (D:12)
  A frilled lizard (D:12)
17 creatures vanquished.

Grand Total: 627 creatures vanquished

Notes
Turn   | Place    | Note
-------+----------+-------------------------------------------
     0 | D:1      | Twinkles the Gnoll Wanderer began the quest for the Orb.
     0 | D:1      | Twinkles set off with the following items: a +0 short
                  | sword, a wand of roots (2), 11 poisoned darts, a +0 dagger,
                  | a +0 leather armour, a scroll of fog.
     0 | D:1      | Reached XP level 1. HP: 13/13 MP: 1/1
   181 | D:1      | Reached XP level 2. HP: 11/19 MP: 2/2
   552 | D:1      | Reached XP level 3. HP: 21/25 MP: 3/3
   866 | D:2      | HP: 7/25 [adder (1)]
   868 | D:2      | Reached skill level 1 in Invocations
  1069 | D:2      | Reached skill level 1 in Fighting
  1069 | D:2      | Reached skill level 1 in Long Blades
  1069 | D:2      | Reached skill level 1 in Axes
  1069 | D:2      | Reached skill level 1 in Maces & Flails
  1069 | D:2      | Reached skill level 1 in Polearms
  1069 | D:2      | Reached skill level 1 in Staves
  1069 | D:2      | Reached skill level 1 in Ranged Weapons
  1069 | D:2      | Reached skill level 1 in Stealth
  1069 | D:2      | Reached skill level 1 in Shields
  1069 | D:2      | Reached skill level 1 in Unarmed Combat
  1069 | D:2      | Reached skill level 1 in Spellcasting
  1142 | D:2      | Noticed Robin
  1175 | D:2      | Killed Robin
  1176 | D:2      | Reached skill level 1 in Shapeshifting
  1176 | D:2      | Reached XP level 4. HP: 11/32 MP: 5/5
  1401 | D:2      | Reached skill level 1 in Conjurations
  1401 | D:2      | Reached skill level 1 in Hexes
  1401 | D:2      | Reached skill level 1 in Summonings
  1401 | D:2      | Reached skill level 1 in Necromancy
  1401 | D:2      | Reached skill level 1 in Translocations
  1401 | D:2      | Reached skill level 1 in Transmutations
  1401 | D:2      | Reached skill level 1 in Fire Magic
  1401 | D:2      | Reached skill level 1 in Ice Magic
  1401 | D:2      | Reached skill level 1 in Air Magic
  1401 | D:2      | Reached skill level 1 in Earth Magic
  1401 | D:2      | Reached skill level 1 in Poison Magic
  1532 | D:2      | Found a runed translucent door.
  1533 | D:2      | Noticed Crazy Yiuf
  2208 | D:3      | Found a glowing drain.
  2212 | Sewer    | Entered a sewer
  2251 | Sewer    | Reached XP level 5. HP: 37/37 MP: 5/7
  3936 | D:3      | HP: 11/38 [poisoned by an orc wizard]
  3943 | D:3      | Reached XP level 6. HP: 31/44 MP: 8/8
  4230 | D:4      | Noticed Ijyb
  4296 | D:4      | Noticed Eustachio
  4411 | D:4      | Reached skill level 5 in Evocations
  4787 | D:5      | Entered Level 5 of the Dungeon
  5282 | D:5      | Reached XP level 7. HP: 36/50 MP: 10/10
  6089 | D:6      | HP: 14/51 [poisoned by a water moccasin]
  6328 | D:6      | Reached XP level 8. HP: 57/57 MP: 12/12
  7237 | D:7      | Found Hehilous's Book Shop.
  7248 | D:7      | Learned a level 2 spell: Passwall
  7597 | D:4      | Killed Ijyb
  7921 | D:4      | Killed Eustachio
  8711 | D:7      | Reached XP level 9. HP: 63/65 MP: 14/14
  9118 | D:6      | Reached skill level 5 in Armour
  9118 | D:6      | Reached skill level 5 in Dodging
  9506 | D:7      | HP: 18/63 [acid (4)]
  9674 | D:7      | Found a burning altar of Makhleb.
  9762 | D:7      | Noticed Dowan
  9917 | D:7      | Noticed Duvessa
  9973 | D:7      | Killed Duvessa
  9979 | D:7      | HP: 18/66 [something (2)]
  9982 | D:7      | Killed Dowan
  9984 | D:7      | Found a staircase to the Ecumenical Temple.
  9991 | Temple   | Entered the Ecumenical Temple
 10136 | Temple   | Became a worshipper of Hepliaklqana the Forgotten
 10274 | Temple   | Reached skill level 5 in Invocations
 10484 | D:7      | Learned a level 3 spell: Ignite Poison
 10701 | D:8      | Noticed Amaemon
 10701 | D:8      | Noticed an orange demon
 11182 | D:8      | Reached XP level 10. HP: 70/73 MP: 17/17
 11263 | D:8      | Reached * piety under Hepliaklqana
 11382 | D:8      | Killed Amaemon
 11383 | D:8      | Reached skill level 5 in Fighting
 11383 | D:8      | Reached skill level 5 in Long Blades
 11383 | D:8      | Reached skill level 5 in Axes
 11383 | D:8      | Reached skill level 5 in Maces & Flails
 11383 | D:8      | Reached skill level 5 in Polearms
 11383 | D:8      | Reached skill level 5 in Staves
 11383 | D:8      | Reached skill level 5 in Ranged Weapons
 11383 | D:8      | Reached skill level 5 in Stealth
 11383 | D:8      | Reached skill level 5 in Shields
 11383 | D:8      | Reached skill level 5 in Unarmed Combat
 11383 | D:8      | Reached skill level 5 in Spellcasting
 11394 | D:8      | Killed an orange demon
 11861 | D:9      | Noticed a kobold demonologist
 11861 | D:9      | Noticed a kobold demonologist
 11861 | D:9      | Noticed a kobold demonologist
 11862 | D:9      | Killed a kobold demonologist
 11868 | D:8      | Noticed an orange demon
 11874 | D:8      | Killed a kobold demonologist
 11986 | D:9      | Reached skill level 5 in Shapeshifting
 12020 | D:9      | Noticed a cyclops
 12197 | D:9      | Killed a cyclops
 12320 | D:9      | Reached XP level 11. HP: 58/72 MP: 19/19
 12367 | D:9      | Found a staircase to the Lair.
 12444 | D:9      | Reached skill level 5 in Conjurations
 12444 | D:9      | Reached skill level 5 in Hexes
 12444 | D:9      | Reached skill level 5 in Summonings
 12444 | D:9      | Reached skill level 5 in Necromancy
 12444 | D:9      | Reached skill level 5 in Translocations
 12444 | D:9      | Reached skill level 5 in Transmutations
 12444 | D:9      | Reached skill level 5 in Fire Magic
 12444 | D:9      | Reached skill level 5 in Ice Magic
 12444 | D:9      | Reached skill level 5 in Air Magic
 12444 | D:9      | Reached skill level 5 in Earth Magic
 12444 | D:9      | Reached skill level 5 in Poison Magic
 12744 | D:9      | Found a bloodstained altar of Trog.
 13459 | D:10     | Entered Level 10 of the Dungeon
 13582 | D:10     | Noticed a two-headed ogre
 13584 | D:10     | Noticed a two-headed ogre
 13639 | D:10     | Killed a two-headed ogre
 13670 | D:10     | Noticed a two-headed ogre
 13678 | D:10     | Killed a two-headed ogre
 13716 | D:10     | Found a flagged portal.
 13732 | Bailey   | Entered a bailey
 13864 | Bailey   | Reached ** piety under Hepliaklqana
 13865 | Bailey   | Remembered your ancestor Amyrtaeus as a knight
 13978 | Bailey   | Noticed an orc knight
 14074 | Bailey   | Killed an orc knight
 14234 | D:10     | Killed a two-headed ogre
 14883 | IceCv    | Identified the "Jirgh"
 14883 | D:15     | Identified the "Bepsoll Idgho"
 14883 | Lair:1   | Entered Level 1 of the Lair of Beasts
 15179 | Lair:1   | Learned a level 3 spell: Ozocubu's Armour
 15183 | Lair:1   | Learned a level 3 spell: Call Canine Familiar
 15306 | Lair:1   | Reached XP level 12. HP: 55/81 MP: 19/22
 15487 | Lair:1   | Noticed Maggie
 15564 | Lair:1   | Killed Maggie
 15601 | Lair:1   | Noticed a boulder beetle
 15619 | Lair:1   | Killed a boulder beetle
 15899 | Lair:1   | Reached *** piety under Hepliaklqana
 15987 | Lair:1   | Noticed a catoblepas
 15999 | Lair:1   | Killed a catoblepas
 16348 | Lair:1   | HP: 23/81 [black mamba (9)]
 16353 | Lair:1   | HP: 17/81 [poisoned by a black mamba]
 16357 | Lair:1   | HP: 2/81 [cane toad (13)]
 16777 | Lair:2   | Noticed a six-headed hydra
 16781 | Lair:2   | Noticed Nergalle
 16828 | Lair:1   | Killed Nergalle
 16829 | Lair:1   | Reached skill level 10 in Short Blades
 16829 | Lair:1   | Reached skill level 10 in Throwing
 17058 | Lair:2   | Found a staircase to the Shoals.
 17303 | Lair:2   | Learned a level 3 spell: Summon Guardian Golem
 17745 | Lair:2   | Noticed Urug
 18075 | Lair:2   | Found a staircase to the Snake Pit.
 18430 | Lair:3   | Reached XP level 13. HP: 88/88 MP: 24/24
 19022 | Lair:3   | Reached **** piety under Hepliaklqana
 19058 | Lair:3   | HP: 25/88 [poisoned by a black mamba]
 19063 | Lair:3   | HP: 12/88 [poisoned by a black mamba]
 19068 | Lair:3   | HP: 8/88 [poisoned by a black mamba]
 19464 | Lair:3   | Learned a level 4 spell: Summon Ice Beast
 20816 | Lair:4   | Reached ***** piety under Hepliaklqana
 21623 | Lair:5   | Entered Level 5 of the Lair of Beasts
 21629 | Lair:5   | HP: 23/89 [themself] (29)]
 22366 | Lair:5   | HP: 25/89 [elephant (6)]
 22379 | Lair:5   | HP: 13/89 [rime drake/icy flash freeze (8)]
 22714 | Lair:5   | Reached skill level 10 in Evocations
 23416 | Lair:5   | Reached XP level 14. HP: 92/97 MP: 22/27
 23812 | Lair:5   | Found a viscous altar of Jiyva.
 23812 | Lair:5   | Found a staircase to the Slime Pits.
 23957 | Lair:5   | HP: 29/97 [five-headed hydra (11)]
 24294 | Lair:5   | Reached skill level 10 in Invocations
 24652 | Lair:5   | Found a large runed translucent door.
 25190 | Lair:5   | Found a large runed translucent door.
 26465 | D:11     | Noticed Midpoint's ghost (journeyman HONe)
 26476 | D:11     | Found a transporter.
 26584 | D:11     | Found a transporter.
 26605 | D:11     | Found a snail-covered altar of Cheibriados.
 27453 | D:11     | Gained mutation: You occasionally lose the ability to drink
                  | potions when taking damage. [a neqoxec]
 27460 | D:11     | Killed Midpoint's ghost
 27845 | Lair:5   | Lost mutation: You occasionally lose the ability to drink
                  | potions when taking damage. [potion of mutation]
 27845 | Lair:5   | Gained mutation: You have a pair of small antennae on your
                  | head. [potion of mutation]
 27845 | Lair:5   | Gained mutation: Your body sometimes deteriorates upon
                  | taking damage. [potion of mutation]
 27845 | Lair:5   | Gained mutation: You are robust. (+10% HP) [potion of
                  | mutation]
 28335 | D:12     | Reached skill level 10 in Armour
 28335 | D:12     | Reached skill level 10 in Dodging
 28367 | D:12     | Found a staircase to the Orcish Mines.
 29208 | D:12     | Learned a level 5 spell: Freezing Cloud
 29634 | D:13     | Reached skill level 10 in Fighting
 30131 | D:13     | Reached XP level 15. HP: 77/115 MP: 28/28
 30515 | D:13     | Found a gate to the Vaults.
 30517 | D:13     | Reached skill level 10 in Long Blades
 30517 | D:13     | Reached skill level 10 in Axes
 30517 | D:13     | Reached skill level 10 in Maces & Flails
 30517 | D:13     | Reached skill level 10 in Polearms
 30517 | D:13     | Reached skill level 10 in Staves
 30517 | D:13     | Reached skill level 10 in Ranged Weapons
 30517 | D:13     | Reached skill level 10 in Stealth
 30517 | D:13     | Reached skill level 10 in Shields
 30517 | D:13     | Reached skill level 10 in Unarmed Combat
 30517 | D:13     | Reached skill level 10 in Spellcasting
 30531 | D:13     | HP: 35/117 [vault guard simulacrum[a necromancer] (28)]
 30532 | D:13     | Slain by a vault guard simulacrum

Illustrated notes

Levels and vault maps discovered:
D:1:      lightli_arrival_windingriver, layout_basic, grunt_decor_cap
D:2:      layout_loops_ring, grunt_ministairs_9, uniq_crazy_yiuf_cottage,
          uniq_robin
D:3:      layout_loops_corners, gup_sewer_entry_bowl
D:4:      layout_loops_ring, minmay_goblin_outpost, uniq_ijyb, uniq_eustachio
D:5:      layout_loops_corners, roderic_lattice_a
D:6:      layout_basic, serial_co_window_serial, co_window_of_opportunity_a,
          co_window_corner_a, co_window_corner_a, co_window_of_opportunity_a,
          co_window_paths_b, co_window_corner_b, co_window_2corner,
          co_window_2corner, glass_columns_a, glass_columns_a, glass_columns_c
D:7:      layout_loops_cross, marbit_many_paths, minmay_temple_entry_junction_2,
          serial_shops, nicolae_stop_n_shop_1, uniq_duvessa
D:8:      layout_basic, uniq_amaemon
D:9:      layout_basic, bloody_trog, due_lair_maze_entry_diamond,
          grunt_ministairs_15, corner_web_ring
D:10:     layout_long_grid, enter_bailey_8, grunt_ogre_cave
D:11:     layout_basic, gammafunk_ghost_stat_death, kennysheep_slug_shrine
D:12:     lemuel_reptile_caves, layout_irregular_city, orc_0_dummy
D:13:     layout_loops_ring, grunt_vaults_entry_tiered
Temple:   mainiacjoe_temple_big_plus
Lair:1:   layout_cave_pods, uniq_maggie
Lair:2:   layout_misc_corridors, elwin_shoals_entry_rocks,
          guppyfry_snake_entry_island, uniq_urug, uniq_nergalle
Lair:3:   layout_small_grid
Lair:4:   layout_cellular_growth, st_stairs_4, wad_woods_02
Lair:5:   cheibrodos_lair_end_hotspot, layout_regular_city, slime_entry_1

Skill      XL: |  1  2  3  4  5  6  7  8  9 10 11 12 13 14 15 |
---------------+----------------------------------------------+-----
Invocations    | 1 2 3 4 5 6 7 8 9 10 | 10.9
Fighting       | 1 2 3 4 5 7 9 10 | 10.5
Long Blades    | 1 2 3 4 5 7 9 10 | 10.1
Axes           | 1 2 3 4 5 7 9 10 | 10.1
Maces & Flails | 1 2 3 4 5 7 9 10 | 10.1
Polearms       | 1 2 3 4 5 7 9 10 | 10.1
Staves         | 1 2 3 4 5 7 9 10 | 10.1
Ranged Weapons | 1 2 3 4 5 7 9 10 | 10.1
Stealth        | 1 2 3 4 5 7 9 10 | 10.1
Shields        | 1 2 3 4 5 7 9 10 | 10.1
Unarmed Combat | 1 2 3 4 5 7 9 10 | 10.1
Spellcasting   | 1 2 3 4 5 7 9 10 | 10.1
Shapeshifting  | 1 2 3 4 5 6 7 8 9 |  9.2
Conjurations   | 1 2 3 4 5 6 7 8 |  8.4
Hexes          | 1 2 3 4 5 6 7 8 |  8.4
Summonings     | 1 2 3 4 5 6 7 8 |  8.4
Necromancy     | 1 2 3 4 5 6 7 8 |  8.4
Translocations | 1 2 3 4 5 6 7 8 |  8.4
Transmutations | 1 2 3 4 5 6 7 8 |  8.4
Fire Magic     | 1 2 3 4 5 6 7 8 |  8.4
Ice Magic      | 1 2 3 4 5 6 7 8 |  8.4
Air Magic      | 1 2 3 4 5 6 7 8 |  8.4
Earth Magic    | 1 2 3 4 5 6 7 8 |  8.4
Poison Magic   | 1 2 3 4 5 6 7 8 |  8.4
Armour         | 3 4 5 6 7 8 9 10 | 10.4
Dodging        | 3 4 5 6 7 8 9 10 | 10.4
Evocations     | 5 6 7 8 9 10 11 | 11.0
Short Blades   | 7 8 9 10 11 | 11.9
Throwing       | 7 8 9 10 11 | 11.9

Action                     |  1- 3 |  4- 6 |  7- 9 | 10-12 | 13-15 || total
---------------------------+-------+-------+-------+-------+-------++-------
  Melee: Short sword       |   204 |   278 |       |       |       ||   482
         Bite              |    19 |    33 |    68 |    98 |   102 ||   320
         Punch             |       |     7 |    27 |    33 |    33 ||   100
         Dagger            |       |    84 |   589 |   578 |   360 ||  1611
         War axe           |       |       |     4 |       |       ||     4
         Unarmed           |       |       |       |    10 |       ||    10
         Halberd           |       |       |       |       |   332 ||   332
         Demon whip        |       |       |       |       |    46 ||    46
  Throw: Dart              |       |    34 |     4 |    62 |     8 ||   108
   Cast: Ignite Poison     |       |       |       |    63 |    60 ||   123
         Call Canine Famil |       |       |       |     5 |    29 ||    34
         Passwall          |       |       |       |     1 |       ||     1
         Summon Guardian G |       |       |       |     2 |     7 ||     9
         Summon Ice Beast  |       |       |       |       |    32 ||    32
         Ozocubu's Armour  |       |       |       |       |     6 ||     6
         Freezing Cloud    |       |       |       |       |     5 ||     5
 Invoke: Recall Ancestor   |       |       |       |     7 |     8 ||    15
         Ancestor Life: Kn |       |       |       |     1 |       ||     1
         Transference      |       |       |       |       |     2 ||     2
         Idealise          |       |       |       |       |     6 ||     6
  Evoke: Wand              |       |       |       |     1 |     3 ||     4
    Use: Scroll            |       |     5 |     6 |     9 |     5 ||    25
         Potion            |       |     2 |     1 |     5 |     2 ||    10
   Stab: Sleeping          |     3 |     2 |       |    19 |    11 ||    35
         Distracted        |       |       |     2 |     3 |     9 ||    14
         Invisible         |       |       |     1 |       |       ||     1
         Confused          |       |       |       |     1 |       ||     1
 Armour: Leather armour    |    36 |       |       |       |       ||    36
         Ring mail         |    33 |   125 |   310 |   260 |   436 ||  1164
         Skin              |       |       |       |     5 |       ||     5
         Acid dragon scale |       |       |       |       |    62 ||    62
  Dodge: Dodged            |    92 |   124 |   257 |   278 |   492 ||  1243

Table legend: (Time is in decaauts)
 A = Elapsed time spent in this place.
 B = Non-inter-level travel time spent in this place.
 C = Inter-level travel time spent in this place.
 D = Time resting spent in this place.
 E = Time spent auto-exploring this place.
 F = Levels seen in this place.
 G = Mean time per level.
                   A        B        C        D        E       F      G
               +--------+--------+--------+--------+--------+-----+--------+
         Total |  29719 |  26962 |   2757 |   2927 |  17956 |  21 | 1415.2 |
       Dungeon |  16797 |  14936 |   1861 |    869 |  10497 |  13 | 1292.1 |
        Temple |    267 |    205 |     62 |    118 |      0 |   1 |  267.0 |
          Lair |  11342 |  10508 |    834 |   1940 |   6735 |   5 | 2268.4 |
         Sewer |    865 |    865 |      0 |      0 |    548 |   1 |  865.0 |
        Bailey |    446 |    446 |      0 |      0 |    175 |   1 |  446.0 |
               +--------+--------+--------+--------+--------+-----+--------+

Top non-repeatable levels by time:
  Lair:5: 3039 daAuts
  Lair:4: 2847 daAuts
  Lair:1: 2260 daAuts
     D:6: 2194 daAuts
  Lair:2: 1768 daAuts
     D:7: 1597 daAuts
    D:12: 1488 daAuts
  Lair:3: 1426 daAuts
     D:9: 1396 daAuts
    D:11: 1360 daAuts
     D:2: 1296 daAuts
     D:5: 1280 daAuts
     D:8: 1215 daAuts
     D:3: 1206 daAuts
     D:4: 1016 daAuts
